 Dungeon Crawl Stone Soup version 0.27.0-1-g7a089689b8 (webtiles) character file.

Game seed: 3369296889632751760

152 trckry the Grasshopper (level 5, -4/53 HPs)
             Began as an Ogre Warper on Aug 12, 2021.
             Was a Believer of Zin.
             Splashed by Ijyb's acid (13 damage)
             ... on level 3 of the Dungeon.
             The game lasted 00:09:05 (3724 turns).

trckry the Grasshopper (Ogre Warper)                Turns: 3724, Time: 00:09:05

Health: -4/53      AC: -1    Str: 15    XL:     5   Next: 34%
Magic:  9/9        EV:  9    Int: 15    God:    Zin [**....]
Gold:   70         SH:  0    Dex:  8    Spells: 5/10 levels left

rFire    . . .     SeeInvis .   a - +2 falchion (elec)
rCold    . . .     Faith    .   (no shield)
rNeg     . . .     Spirit   .   h - +0 robe
rPois    .         Reflect  .   (helmet restricted)
rElec    .         Harm     .   (no cloak)
rCorr    .         Rampage  .   (gloves unavailable)
Will     .....                  (boots unavailable)
Stlth    +.........             (no amulet)
HPRegen  0.17/turn              (no ring)
MPRegen  0.11/turn              (no ring)

@: corroded
A: large, unfitting armour, tough skin 1
a: Renounce Religion, Recite, Vitalisation, Donate Gold


You were on level 3 of the Dungeon.
You worshipped Zin.
Zin was pleased with you.
You visited 1 branch of the dungeon, and saw 3 of its levels.

You collected 77 gold pieces.
You donated 7 gold pieces to Zin.

Inventory:

Hand Weapons
 a - a +2 falchion of electrocution (weapon)
 b - a +0 mace
Missiles
 d - 5 boomerangs of dispersal (quivered)
Armour
 h - a +0 robe (worn)
Scrolls
 c - 2 scrolls of blinking
 e - a scroll of enchant weapon {unknown}
 g - 3 scrolls of teleportation {unknown}
 i - a scroll of brand weapon {unknown}
 k - a scroll of acquirement {unknown}
 l - 2 scrolls of identify {unknown}
 m - a scroll of fog {unknown}
Potions
 f - 2 potions of lignification {unknown}
 j - a potion of flight {unknown}
 n - a potion of invisibility {unknown}


   Skills:
 + Level 3.4 Fighting
 * Level 2.9 Maces & Flails
 + Level 1.7 Throwing
 - Level 2.1 Dodging
 + Level 3.1 Spellcasting
 * Level 3.7 Translocations
 + Level 1.1 Invocations


You had 5 spell levels left.
You knew the following spells:

 Your Spells              Type           Power      Damage    Failure   Level
a - Blink                 Tloc           N/A        N/A       7%          2
b - Gell's Gravitas       Tloc           6%         N/A       13%         3

Your spell library contained the following spells:

 Spells                   Type           Power      Damage    Failure   Level
 Lesser Beckoning         Tloc           6%         N/A       13%         3
 Teleport Other           Tloc           13%        N/A       13%         3
 Manifold Assault         Tloc           13%        N/A       77%         5


Dungeon Overview and Level Annotations

Branches:
Dungeon (3/15)

Altars:
Zin

Shops:
D:1 (

Annotations:
D:3 Ijyb


Innate Abilities, Weirdness & Mutations

You are too large for most types of armour.
You have tough skin. (AC +1)


Message History

Ijyb zaps a wand.
The bolt of acid hits you!
You are splashed with acid!
You take 33 damage, and have 20/53 hp.
MASSIVE DAMAGE!!
Ijyb grins evilly.
Ijyb zaps a wand.
The bolt of acid misses you.
There is a stone staircase leading down here.
Press: ? - help, v - describe, . - travel A stone staircase leading down.
There is an escape hatch in the ceiling here.
Press: ? - help, v - describe, . - travel
Here: Ijyb, wielding a +0 dagger, wearing a +0 leather armour and carrying a wand of acid (4)
A stone staircase leading down.
A mysterious force pulls you upwards. The hatch slams shut behind you.
You start resting.
HP restored.
Health restored: 53
There is a stone staircase leading down here.
You climb downwards.
Level annotation: Ijyb
There is a stone staircase leading up here.
Done exploring.
There is an escape hatch in the ceiling here.
There is a stone staircase leading down here.
Ijyb is nearby!
Ijyb hits you with a +0 dagger.
You take 1 damage, and have 52/53 hp.
You hit Ijyb.
Ijyb is lightly wounded.
Ijyb hits you with a +0 dagger.
You take 1 damage, and have 51/53 hp.
You closely miss Ijyb.
Ijyb is lightly wounded.
Ijyb closely misses you.
Ijyb zaps a wand.
The bolt of acid hits you! The acid corrodes you!
You are splashed with acid!
You take 27 damage, and have 24/53 hp.
MASSIVE DAMAGE!!
You hit Ijyb but do no damage.
Ijyb is lightly wounded.
Ijyb zaps a wand.
The bolt of acid hits you!
* * * LOW HITPOINT WARNING * * *
You are splashed with acid!
You die...

#.# ###.# #.##.# ####.# #.#
#....## .....# #.# ####......
###### #.#####.......##
#....##.##.#..# #.##.##.##.#..#
#.##...g......# #####
#####.#####.##.##.#
##...###.g@^.## #.##.##.#
#######.....##.###..####.......#
............##.# #..........##.#
#######.<.....>###..##########.##
##...###......g............ #####
#################... ####


You could see Ijyb.

Vanquished Creatures
  A water moccasin skeleton (D:3)
  5 adders
  A worm (D:3)
  5 orcs (D:2)
  8 ball pythons
  5 bats
  3 endoplasms
  A giant cockroach (D:3)
  2 goblins
  5 hobgoblins
  3 jackals (D:1)
  A kobold (D:1)
  3 quokkas
  2 rats (D:2)
45 creatures vanquished.

Notes
Turn   | Place    | Note
-------+----------+-------------------------------------------
     0 | D:1      | trckry the Ogre Warper began the quest for the Orb.
     0 | D:1      | Reached XP level 1. HP: 22/22 MP: 3/3
   100 | D:1      | Found Vigefual's Antique Weapon Emporium.
   309 | D:1      | Reached XP level 2. HP: 9/29 MP: 5/5
   542 | D:1      | Learned a level 2 spell: Blink
   842 | D:1      | Found a faded altar of an unknown god.
   967 | D:1      | Reached XP level 3. HP: 32/36 MP: 6/6
  1217 | D:1      | Became a worshipper of Zin the Law-Giver
  1217 | D:1      | Reached * piety under Zin
  1761 | D:2      | Reached ** piety under Zin
  2092 | D:3      | Noticed Ijyb
  2139 | D:3      | Reached XP level 4. HP: 27/45 MP: 8/8
  2258 | D:3      | Learned a level 3 spell: Gell's Gravitas
  2324 | D:3      | Reached XP level 5. HP: 53/53 MP: 9/9
  2329 | D:3      | HP: 2/53 [acid (13)]
  2700 | D:2      | Reached skill level 1 in Invocations
  3724 | D:3      | Splashed by Ijyb's acid

Illustrated notes

Levels and vault maps discovered:
D:1:      evilmike_arrival_plus, layout_loops_ring,
          hellmonk_ecumenical_altar_run_dry, serial_shops, shop
D:2:      layout_loops_ring
D:3:      layout_loops_ring, uniq_ijyb

Skill      XL: |  1  2  3  4  5 |
---------------+----------------+-----
Maces & Flails | 2 |  2.9
Translocations | 3 |  3.7
Fighting       | 3 |  3.4
Spellcasting   | 3 |  3.1
Invocations    | 1 |  1.1
Throwing       | |  1.7
Dodging        | |  2.1

Action                   |  1- 3 |  4- 6 || total
-------------------------+-------+-------++-------
Melee: Mace              |    85 |       ||    85
       Falchion          |     9 |    34 ||    43
 Cast: Gell's Gravitas   |       |     4 ||     4
       Blink             |       |     1 ||     1
Armor: Robe              |    34 |    13 ||    47
Dodge: Dodged            |    46 |    18 ||    64
       Rpst.: Falchion   |       |     4 ||     4
